 Dungeon Crawl Stone Soup version 0.29.1-1-gd02db6906a (webtiles) character file.

Game seed: 13859095175297253809

19 Ashen the Insei (level 2, -2/23 HPs)
             Began as a Demigod Transmuter on Oct 8, 2022.
             Succumbed to a goblin's poison
             ... on level 1 of the Dungeon.
             The game lasted 00:01:21 (962 turns).

Ashen the Insei (Demigod Transmuter)                 Turns: 962, Time: 00:01:21

Health: -2/23      AC:  5    Str: 11    XL:     2   Next: 39%
Magic:  6/7        EV: 12    Int: 21    God:
Gold:   57         SH:  0    Dex: 14    Spells: 2/5 levels left

rFire   + . .      SeeInvis .     - Unarmed
rCold   + . .      Faith    .   (no shield)
rNeg    . . .      Spirit   .   a - +0 robe
rPois   +          Reflect  .   (helmet currently unavailable)
rElec   +          Harm     .   (no cloak)
rCorr   +          Rampage  .   g - +2 pair of gloves
Will    .....                   (boots currently unavailable)
Stlth   +.........              (no amulet)
HPRegen 0.07/turn               e - +6 ring of intelligence
MPRegen 0.10/turn               (no ring)

@: lethally poisoned (-2 -> -17), appendages, resistant, attractive
A: horns 2, talons 2, high MP 1, forlorn, divine attributes
a: End Transformation


You were on level 1 of the Dungeon.
You had temporarily grown beastly horns and talons.
You visited 1 branch of the dungeon, and saw 2 of its levels.

You collected 57 gold pieces.

Inventory:

Armour
 a - a +0 robe (worn)
 g - a +2 pair of gloves (worn)
Jewellery
 e - a +6 ring of intelligence (left hand)
 k - a ring of flight
Scrolls
 c - a scroll of brand weapon {unknown}
 f - 2 scrolls of torment {unknown}
 j - a scroll of identify {unknown}
Potions
 b - a potion of lignification
 i - a potion of curing {unknown}


   Skills:
 + Level 1.2 Fighting
 + Level 2.0 Dodging
 + Level 2.9 Unarmed Combat
 + Level 2.0 Spellcasting
 * Level 2.0 Transmutations


You had 2 spell levels left.
You knew the following spells:

 Your Spells              Type           Power      Damage    Failure   Level
a - Beastly Appendage     Tmut           20%        N/A       6%          1
b - Wereblood             Tmut           10%        N/A       10%         2

Your spell library contained the following spells:

 Spells                   Type           Power      Damage    Failure   Level
 Spider Form              Tmut/Pois      6%         N/A       28%         3
 Ice Form                 Ice/Tmut       6%         N/A       67%         4


Dungeon Overview and Level Annotations

Branches:
Dungeon (2/15)

Shops:
D:1 :


Innate Abilities, Weirdness & Mutations

You have temporarily grown beastly horns and talons.
You have an increased reservoir of magic. (+10% MP)
You shall have no god before yourself.
Your divine heritage dramatically boosts your attributes as you level up.


Message History

The ball python constricts you.
You hit the ball python.
You kill the ball python!
Memorise Wereblood, consuming 2 spell levels and leaving 2?
You start memorising the spell.
You continue memorising. x2
You finish memorising.
Spell assigned to 'b'.
Okay, then.
A goblin comes into view. It is wielding a +2 dagger of venom.
The goblin shouts!
A kobold comes into view. It is wielding a +0 short sword.
The goblin moves out of view.
A kobold is nearby!
Found Riosolan's Vocational Training.
You barely miss the goblin. The goblin closely misses you.
You hit the goblin but do no damage.
The goblin hits you with a +2 dagger of venom.
You are poisoned.
Casting: Beastly Appendage (safe; 6% risk of failure)
Confirm with . or Enter, or press ? or * to list all spells.
You grow a pair of large bovine horns.
Your feet morph into talons.
You feel very sick.
The goblin hits you with a +2 dagger of venom.
You are lethally poisoned!
You hit the goblin but do no damage. Your headbutt misses the goblin.
You feel very sick. The goblin misses you.
You closely miss the goblin. You claw the goblin, but do no damage.
* * * LOW HITPOINT WARNING * * *
You feel very sick.
The goblin hits you with a +2 dagger of venom.
* * * LOW HITPOINT WARNING * * *
You are more poisoned.
It was a potion of attraction.
You feel attractive to monsters.
* * * LOW HITPOINT WARNING * * *
You feel very sick. The goblin hits you but does no damage.
It was a potion of resistance.
You feel protected.
You die...

##### ..#..
##############.#.#
###...........##.#.#
..........†......#.#
#####.######~.#....#
....#...#
#.~..#.#...#
~~~.###.#
#.~..#@#....#
..~...#.#
#.~..#g#.#..#
#.~~~.#.#
#.~..#.#.##.#
....~...# #.~.##....
>.. ~~~.~~~.#
..~.##.⌠.⌠ .##
..~...~.# ..... #
~.~~~.~.#. ...∩
~.....~... #....
~.<.~~~.~~


You could see a goblin.

Vanquished Creatures
  A giant cockroach (D:1)
  A goblin (D:1)
  2 hobgoblins (D:1)
  2 jackals (D:2)
  A quokka (D:1)
  3 ball pythons
  3 bats
  3 frilled lizards
  A kobold (D:1)
  A rat (D:1)
18 creatures vanquished.

Vanquished Creatures (others)
  A fungus (D:2)
1 creature vanquished.

Grand Total: 19 creatures vanquished

Notes
Turn   | Place    | Note
-------+----------+-------------------------------------------
     0 | D:1      | Ashen the Demigod Transmuter began the quest for the Orb.
     0 | D:1      | Reached XP level 1. HP: 15/15 MP: 5/5
    16 | D:1      | You fall into a shaft and drop 1 floor!
   125 | D:2      | Reached skill level 1 in Fighting
   573 | D:1      | Reached XP level 2. HP: 23/23 MP: 7/7
   915 | D:1      | Learned a level 2 spell: Wereblood
   954 | D:1      | Found Riosolan's Vocational Training.
   961 | D:1      | HP: 1/23 [poisoned by a goblin]
   962 | D:1      | Succumbed to a goblin's poison

Illustrated notes

Levels and vault maps discovered:
D:1:      psy_arrival_radial02, layout_basic, chequers_jeans, minivault_27,
          nicolae_shop_vocational
D:2:      layout_loops_corners, shapermc_ecumenical_altar_ellora

Skill      XL: |  1  2 |
---------------+-------+-----
Fighting       | 1 |  1.2
Dodging        | 2 |  2.0
Transmutations | 2 |  2.0
Spellcasting   | 2 |  2.0
Unarmed Combat | |  2.9

Action                   || total
-------------------------++-------
Melee: Unarmed           ||    57
       Kick              ||     9
       Headbutt          ||     2
       Punch             ||     2
 Cast: Beastly Appendage ||     6
  Use: Potion            ||     2
 Stab: Sleeping          ||     1
Armor: Robe              ||    14
Dodge: Dodged            ||    40
